 Dungeon Crawl Stone Soup version 0.20.0-8-g6b59dc7 (webtiles) character file.

79 Ijustatesigmund the Skirmisher (level 4, 0/40 HPs)
             Began as a Minotaur Fighter on June 1, 2017.
             Slain by Grinder (7 damage)
             ... on level 3 of the Dungeon.
             The game lasted 00:06:53 (1850 turns).

Ijustatesigmund the Skirmisher (Minotaur Fighter)   Turns: 1850, Time: 00:06:53

Health: 0/40       AC:  8    Str: 21    XL:     4   Next: 17%
Magic:  3/3        EV:  8    Int: 10    God:
Gold:   82         SH:  9    Dex: 10    Spells: 3/3 levels left

rFire    . . .     SeeInvis +   a - +0 flail
rCold    . . .     Gourm    .   c - +0 shield
rNeg     . . .     Faith    .   b - +0 scale mail
rPois    .         Spirit   .   (helmet restricted)
rElec    .         Reflect  .   (no cloak)
rCorr    .         Harm     .   j - +0 pair of gloves
MR       .....                  (no boots)
Stlth    ..........             (no amulet)
Regen    0.2/turn               i - ring of see invisible
MPRegen  0.1/turn               (no ring)

@: brilliant
A: retaliatory headbutt, horns 2
a: no special abilities


You were on level 3 of the Dungeon.
You were not hungry.

You visited 1 branch of the dungeon, and saw 3 of its levels.

You collected 82 gold pieces.

Inventory:

Hand Weapons
 a - a +0 flail (weapon)
Armour
 b - a +0 scale mail (worn)
 c - a +0 shield (worn)
 j - a +0 pair of gloves (worn)
Jewellery
 i - a ring of see invisible (left hand)
Scrolls
 e - a scroll of fog
 h - a scroll of identify
Potions
 k - a potion of flight
Comestibles
 f - 2 bread rations


   Skills:
 + Level 4.3 Fighting
 * Level 4.1 Maces & Flails
 - Level 3.6 Armour
 + Level 2.0 Dodging
 - Level 3.6 Shields


You had 3 spell levels left.
You didn't know any spells.

Dungeon Overview and Level Annotations

Branches:
Dungeon (3/15)

Altars:

Annotations:
D:3 Grinder


Innate Abilities, Weirdness & Mutations

You reflexively headbutt those who attack you in melee.
You have a pair of horns on your head.


Message History

You kill the orc wizard!
Your Maces & Flails skill increases to level 4!
Your Dodging skill increases to level 2!
You have reached level 4!
You feel stronger.
Grinder shouts!
Grinder gestures at you. You resist with significant effort.
Things that are here:
a dagger; a robe; a scroll of identify
Found a scale mail.
You feel clever all of a sudden. Grinder gestures at you.
Pain shoots through your body! Grinder gestures at you.
Pain shoots through your body!
* * * LOW HITPOINT WARNING * * *
Grinder misses you.
You closely miss Grinder. Your headbutt misses Grinder. Grinder hits you!
You die...

#.# #..#.#..#)##.#.#.# #.# #..#
#....o..# # #.# #..# ##.#.##)#
#.####..#.##....#o#
##.........##....#.#
#.....#.##.##....#.# ##.
#.....#)# .##.#.<#o# ...
#.)...#5# .##.#..#.#.### ###
..#####.####@##..............
..............#.##........###
###########.####....####..#......
....................####..#.#.###
###########.................#.#
#.####....####..#.#.# #.# #....#
#....#.. #.# #....# #.. ?. ...
.....#


You could see Grinder.

Vanquished Creatures
  An orc wizard (D:3)
  2 adders (D:2)
  2 dart slugs
  An orc (D:3)
  2 giant cockroaches
  3 goblins
  3 hobgoblins
  3 kobolds
  6 bats
  7 rats
30 creatures vanquished.

Vanquished Creatures (others)
  An orc (D:3)
1 creature vanquished.

Grand Total: 31 creatures vanquished

Notes
Turn   | Place    | Note
-------+----------+-------------------------------------------
     0 | D:1      | Ijustatesigmund the Minotaur Fighter began the quest for the Orb.
     0 | D:1      | Reached XP level 1. HP: 19/19 MP: 0/0
   311 | D:1      | Reached XP level 2. HP: 27/27 MP: 1/1
   479 | D:1      | Reached skill level 1 in Dodging
   962 | D:2      | Reached XP level 3. HP: 25/33 MP: 2/2
  1587 | D:3      | Noticed Grinder
  1592 | D:3      | Paralysed by Grinder for 2 turns
  1837 | D:3      | Reached XP level 4. HP: 27/40 MP: 3/3
  1850 | D:3      | Slain by Grinder

Skill      XL: |  1  2  3 |
---------------+----------+-----
Dodging        | 1 2 |  2.0
Maces & Flails | 3 4 |  4.1
Fighting       | 4 |  4.3
Armour         | |  3.6
Shields        | |  3.6

Action                   |  1- 3 |  4- 6 || total
-------------------------+-------+-------++-------
Melee: Flail             |    67 |     1 ||    68
       Headbutt          |     8 |       ||     8
  Use: Potion            |     4 |     1 ||     5
       Scroll            |     4 |       ||     4
  Eat: Meat ration       |     1 |       ||     1
       Chunk             |     1 |       ||     1
Armor: Scale mail        |    37 |       ||    37
Dodge: Dodged            |    34 |     1 ||    35
Block: Shield            |    36 |       ||    36
